 Dungeon Crawl Stone Soup version 0.32-a0-673-g3729bd50f8 (webtiles) character file.

Game seed: 5562900177761579821

338 910rd the Changeling (level 6, 0/47 HPs)
             Began as a Draconian Shapeshifter on Mar 10, 2024.
             Slain by a gnoll
             ... wielding a +0 flail
              (10 damage)
             ... on level 4 of the Dungeon.
             The game lasted 00:09:00 (2504 turns).

910rd the Changeling (Draconian Shapeshifter)       Turns: 2504, Time: 00:09:01

Health: 0/47       AC:  6    Str: 18    XL:     6   Next: 29%
Magic:  6/6        EV: 12    Int: 11    God:
Gold:   224        SH:  0    Dex: 10    Spells: 5/5 levels left

rFire   . .          .
                       - Unarmed
rCold   . . .        (no shield)
rNeg    . . .        (body armour unavailable)
rPois   .            (helmet currently unavailable)
rElec   .            (cloak currently unavailable)
rCorr   .            (gloves currently unavailable)
SInv    .            m - melded +0 pair of boots
Will    .....        (no amulet)
Stlth   +            h - ring of wizardry
HPRegen 0.27/turn    j - ring of wizardry
MPRegen 0.10/turn

%: wizardry (x2)
@: beast-form
A: beast (slay +3), AC +6, unfitting armour, cold-blooded
a: Begin Untransformation


You were on level 4 of the Dungeon.
You were a hulking beast.
You visited 1 branch of the dungeon, and saw 4 of its levels.

You collected 224 gold pieces.

Inventory:

Hand Weapons
 k - a +1 heavy dagger
 p - a +2 short sword of electrocution
 u - a +1 whip of distortion
Missiles
 r - 5 poisoned darts (quivered)
 v - a throwing net
Armour
 m - a +0 pair of boots (melded)
Jewellery
 h - a ring of wizardry (left hand)
 j - a ring of wizardry (right hand)
Talismans
 b - a beast talisman (active)
 c - a flux talisman
 q - a serpent talisman
Scrolls
 e - 2 scrolls of brand weapon
 g - a scroll of teleportation
 i - a scroll of acquirement
 o - 3 scrolls of noise {unknown}
Potions
 a - 2 potions of lignification
 d - a potion of invisibility
 f - 4 potions of attraction
 l - a potion of ambrosia
 n - a potion of curing
 s - 2 potions of haste {unknown}
 t - a potion of heal wounds {unknown}


   Skills:
 - Level 1.1 Fighting
 - Level 1.7 Dodging
 - Level 4.3 Unarmed Combat
 + Level 5.9 Shapeshifting


You had 5 spell levels left.
You didn't know any spells.
Your spell library contained the following spells:

 Spells                   Type           Power      Damage    Failure   Level
 Hailstorm                Conj/Ice       0%         3d5       26%         3
 Summon Ice Beast         Ice/Summ       0%         N/A       26%         3
 Leda's Liquefaction      Alch/Erth      0%         N/A       63%         4
 Lee's Rapid Deconstruct  Erth           0%         3d4*      90%         5
 Bombard                  Conj/Erth      0%         9d1       100%        6
 Sculpt Simulacrum        Ice/Alch       0%         N/A       100%        6


Dungeon Overview and Level Annotations

Branches:
Dungeon (4/15) Zot: 21508
 Temple: D:4-7

Altars:
Xom

Annotations:
D:2 Sigmund


Innate Abilities, Weirdness & Mutations

You are a hulking beast.
Your limbs bulge with bestial killing power. (Slay +3)
Your plain brown scales are hard. (AC +6)
You cannot fit into any form of body armour.
You are cold-blooded and may be slowed by cold attacks.


Message History

The gnoll hits you with a +0 spear.
* * * LOW HITPOINT WARNING * * *
You take 3 damage, and have 29/47 hp.
You punch the gnoll!
The gnoll is almost dead.
The gnoll closely misses you. The gnoll barely misses you.
The gnoll hits you from afar with a +0 spear.
* * * LOW HITPOINT WARNING * * *
Items here: ))) ††.
You take 5 damage, and have 24/47 hp.
You see here a +0 whip.
The gnoll attacks as it pursues you! The gnoll hits you with a +0 flail.
* * * LOW HITPOINT WARNING * * *
You take 3 damage, and have 22/47 hp.
The gnoll attacks as it pursues you! The gnoll misses you.
Things that are here:
a +0 falchion; an orc corpse The gnoll attacks as it pursues you!
The gnoll closely misses you. The gnoll attacks as it pursues you!
The gnoll misses you. The gnoll attacks as it pursues you!
The gnoll hits you with a +0 flail.
* * * LOW HITPOINT WARNING * * *
You take 3 damage, and have 21/47 hp.
The gnoll attacks as it pursues you! The gnoll hits you with a +0 flail.
* * * LOW HITPOINT WARNING * * *
You take 4 damage, and have 17/47 hp.
You punch the gnoll!
The gnoll is heavily wounded.
The gnoll barely misses you.
You hit the gnoll.
The gnoll is severely wounded.
The gnoll hits you from afar with a +0 spear.
* * * LOW HITPOINT WARNING * * *
The gnoll barely misses you.
You take 4 damage, and have 13/47 hp.
You hit the gnoll.
The gnoll is almost dead.
The gnoll hits you from afar with a +0 spear.
* * * LOW HITPOINT WARNING * * *
The gnoll hits you with a +0 flail!
You die...

#.#####
#.....# #.#
#g# ######
#)# #.g.[#
#g# #g##.#
#.#
#h##.###.#
#.##.g)g.#
#.#########
#.......#<#
#######.#)#
#...# #####


You could see 2 gnolls.

Vanquished Creatures
  A bombardier beetle (D:3)
  2 orc priests
  A sleepcap (D:3)
  Terence (D:2)
  An orc wizard (D:3)
  4 gnolls (D:4)
  7 adders
  2 dart slugs (D:1)
  3 orcs
  6 ball pythons
  6 bats
  4 endoplasms
  4 giant cockroaches
  4 goblins (D:2)
  4 hobgoblins
  10 kobolds
  2 quokkas (D:1)
  A frilled lizard (D:1)
  4 rats
67 creatures vanquished.

Notes
Turn   | Place    | Note
-------+----------+-------------------------------------------
     0 | D:1      | 910rd the Draconian Shapeshifter began the quest for the
                  | Orb.
     0 | D:1      | Reached XP level 1. HP: 16/16 MP: 1/1
   127 | D:1      | Reached XP level 2. HP: 23/23 MP: 2/2
   669 | D:1      | Reached XP level 3. HP: 27/28 MP: 3/3
   825 | D:2      | Noticed Sigmund
   889 | D:2      | Noticed Terence
   915 | D:2      | Killed Terence
   968 | D:2      | Reached XP level 4. HP: 31/35 MP: 4/4
  1018 | D:2      | Found a shimmering altar of Xom.
  1094 | D:2      | Found a faded altar of an unknown god.
  1136 | D:2      | Reached skill level 4 in Shapeshifting
  1256 | D:2      | Identified a scroll of acquirement
  1704 | D:3      | Reached XP level 5. HP: 39/40 MP: 5/5
  2076 | D:3      | Reached skill level 5 in Shapeshifting
  2326 | D:3      | Reached XP level 6. HP: 24/47 MP: 6/6
  2504 | D:4      | Slain by a gnoll

Illustrated notes

Levels and vault maps discovered:
D:1:      tarquinn_simple_flora_water_f, layout_loops_ring,
          minmay_misc_feat_alley
D:2:      layout_rooms, basic_altar, ebering_ecumenical_altar_hall,
          uniq_terence, uniq_sigmund
D:3:      layout_basic, serial_glass, glass_columns_b, glass_columns_a,
          minmay_strange_pillars, due_unseen_surprise
D:4:      layout_basic, nicolae_overflow_hallway_of_the_gods,
          kennysheep_little_box

Skill      XL: |  1  2  3  4  5 |
---------------+----------------+-----
Unarmed Combat | 4 |  4.3
Shapeshifting  | 4 5 |  5.9
Fighting       | |  1.1
Dodging        | |  1.7

Action                     |  1- 3 |  4- 6 || total
---------------------------+-------+-------++-------
  Melee: Unarmed           |    78 |   135 ||   213
         Tailslap          |     3 |    17 ||    20
         Punch             |     2 |     4 ||     6
    Use: Scroll            |     4 |     2 ||     6
         Potion            |     1 |     1 ||     2
   Stab: Sleeping          |     1 |     1 ||     2
 Armour: Skin              |    38 |    86 ||   124
  Dodge: Dodged            |    42 |    72 ||   114
         Form:             |       |     1 ||     1
         Beast             |       |     1 ||     1

Table legend: (Time is in decaauts)
 A = Elapsed time spent in this place.
 B = Non-inter-level travel time spent in this place.
 C = Inter-level travel time spent in this place.
 D = Time resting spent in this place.
 E = Time spent auto-exploring this place.
 F = Levels seen in this place.
 G = Mean time per level.
                   A        B        C        D        E       F      G
               +--------+--------+--------+--------+--------+-----+--------+
         Total |   2491 |   2339 |    152 |    199 |   1547 |   4 |  622.8 |
       Dungeon |   2491 |   2339 |    152 |    199 |   1547 |   4 |  622.8 |
               +--------+--------+--------+--------+--------+-----+--------+

Top non-repeatable levels by time:
     D:1: 954 daAuts
     D:3: 748 daAuts
     D:2: 693 daAuts
     D:4: 95 daAuts
